 Dungeon Crawl Stone Soup version 0.29-a0-22-gbf593b16ee (webtiles) character file.

Game seed: 2631323553706683486

1513309 SlyGuyMcFly the Middleweight Champion (level 27, 130/271 (273) HPs)
             Began as a Minotaur Monk on Jan 27, 2022.
             Was the Champion of Wu Jian.
             Escaped with the Orb
             ... and 3 runes on Jan 29, 2022!
             The game lasted 06:52:39 (91687 turns).

SlyGuyMcFly the Middleweight Champion (MiMo)       Turns: 91687, Time: 06:52:40

HP:   130/271 (273) AC: 53    Str: 25    XL:     27
MP:   7/22          EV: 13    Int: 11    God:    Wu Jian [******]
Gold: 5848          SH: 25    Dex: 18    Spells: 26/26 levels left

rFire   + + +      SeeInvis +     - Unarmed
rCold   + + +      Faith    .   Q - +3 kite shield {AC+3}
rNeg    + + .      Spirit   .   a - +10 gold dragon scales
rPois   +          Reflect  +   N - +2 hat {Will+}
rElec   +          Harm     .   X - scarf {rC+ rF+}
rCorr   +          Rampage  +   k - +2 pair of gloves {infuse}
Will    +++..                   q - +2 pair of boots {rampage}
Stlth   ..........              o - amulet of reflection
HPRegen 0.55/turn               r - ring "Kestro" {Wiz Contam rElec rN+ rCorr}
MPRegen 0.18/turn               g - ring of Wena Masm {*Corrode rN+ AC+4 Int+2 SInv}

@: mighty, resistant, weakened, hasted, studying 3 skills, lightly drained, very
quick
A: horns 2, retaliatory headbutt, clever 1, mutation resistance 1, sense
surroundings 1
0: Orb of Zot
}: 3/15 runes: decaying, silver, gossamer
a: Renounce Religion, Wall Jump, Serpent's Lash, Heavenly Storm


You escaped.
You worshipped Wu Jian.
Wu Jian was exalted by your worship.
You visited 10 branches of the dungeon, and saw 51 of its levels.
You visited 1 bazaar.
You also visited: Sewer, Gauntlet, Ice Cave and Volcano.

You collected 9423 gold pieces.
You spent 3575 gold pieces at shops.

Inventory:

Missiles
 y - 5 silver boomerangs
 C - 10 boomerangs
 I - 6 silver javelins
 S - 10 javelins (quivered)
Armour
 a - +10 gold dragon scales (worn)
 k - a +2 pair of gloves of infusion (worn)
 p - a +2 kite shield
 q - a +2 pair of boots of rampaging (worn)
 N - a +2 hat of willpower (worn)
 Q - a +3 kite shield of protection (worn)
 R - a +0 kite shield of reflection
 X - a scarf of resistance (worn)
Jewellery
 g - the ring of Wena Masm (right hand) {*Corrode rN+ AC+4 Int+2 SInv}
   (You found it on level 5 of the Vaults)

   [ring of protection]

   AC:        It affects your AC (+4).
   Int:       It affects your intelligence (+2).
   rN:        It protects you from negative energy.
   SInv:      It lets you see invisible.
   *Corrode:  It may corrode you when you take damage.
 i - an amulet of faith
 m - the ring of Incredulity {Wiz Fly rElec Str+6 Dex-4}
   (You found it on level 2 of the Depths)

   [ring of wizardry]

   It improves your spell success rate.
   Str:       It affects your strength (+6).
   Dex:       It affects your dexterity (-4).
   rElec:     It insulates you from electricity.
   Fly:       It grants you flight.
 n - the ring "Vout" {rF+ rC+ Str+2 Stlth+}
   (You found it in a Gauntlet)

   [ring of protection from fire]

   Str:       It affects your strength (+2).
   rF:        It protects you from fire.
   rC:        It protects you from cold.
   Stlth:     It makes you more stealthy.
 o - an amulet of reflection (around neck)
 r - the ring "Kestro" (left hand) {Wiz Contam rElec rN+ rCorr}
   (You bought it in a shop on level 3 of the Depths)

   [ring of wizardry]

   It improves your spell success rate.
   rElec:     It insulates you from electricity.
   rN:        It protects you from negative energy.
   Contam:    It causes magical contamination when unequipped.
   rCorr:     It protects you from acid and corrosion.
 F - a ring of protection from fire
Wands
 D - a wand of digging (36)
 E - a wand of paralysis (54)
 H - a wand of iceblast (49)
 T - a wand of acid (33)
 V - a wand of mindburst (12)
Scrolls
 c - 2 scrolls of brand weapon
 d - 25 scrolls of teleportation
 e - a scroll of blinking
 h - a scroll of magic mapping
 l - 2 scrolls of holy word
 u - 2 scrolls of silence
 v - 7 scrolls of fear
 z - 5 scrolls of summoning
 L - 12 scrolls of fog
 O - 14 scrolls of immolation
 U - 3 scrolls of torment
Potions
 b - 23 potions of curing
 f - 9 potions of might
 j - 2 potions of resistance
 t - a potion of magic
 w - 3 potions of cancellation
 x - 7 potions of lignification
 A - 4 potions of haste
 B - 6 potions of ambrosia
 G - 15 potions of attraction
 K - 2 potions of berserk rage
 M - 5 potions of heal wounds
 P - a potion of invisibility
Miscellaneous
 s - a phial of floods
 J - a condenser vane
 W - a tin of tremorstones (2/2)
 Y - a box of beasts
 Z - a phantom mirror


   Skills:
 O Level 27 Fighting
 - Level 16.0 Throwing
 + Level 26.0 Armour
 + Level 14.3 Dodging
 - Level 2.4 Stealth
 - Level 21.7 Shields
 O Level 27 Unarmed Combat
 + Level 18.6 Evocations


You had 26 spell levels left.
You didn't know any spells.
Your spell library contained the following spells:

 Spells                   Type           Power      Damage    Failure   Level
 Animate Skeleton         Necr           0%         N/A       78%         1
 Apportation              Tloc           0%         N/A       78%         1
 Foxfire                  Conj/Fire      0%         2x1d4     78%         1
 Sandblast                Erth           0%         2d4       78%         1
 Shock                    Conj/Air       0%         1d3       78%         1
 Blink                    Tloc           0%         N/A       89%         2
 Corpse Rot               Necr/Air       0%         N/A       89%         2
 Ensorcelled Hibernation  Hex/Ice        0%         N/A       89%         2
 Passwall                 Tmut/Erth      0%         N/A       89%         2
 Sublimation of Blood     Necr           0%         N/A       89%         2
 Call Canine Familiar     Summ           0%         N/A       98%         3
 Confusing Touch          Hex            0%         N/A       98%         3
 Conjure Flame            Conj/Fire      0%         6-21      98%         3
 Gell's Gravitas          Tloc           0%         N/A       98%         3
 Ignite Poison            Fire/Tmut/Pois 0%         N/A       98%         3
 Lesser Beckoning         Tloc           0%         N/A       98%         3
 Mephitic Cloud           Conj/Pois/Air  0%         N/A       98%         3
 Ozocubu's Armour         Ice            0%         N/A       98%         3
 Portal Projectile        Hex/Tloc       0%         N/A       98%         3
 Stone Arrow              Conj/Erth      0%         3d7       98%         3
 Swiftness                Air            0%         N/A       98%         3
 Teleport Other           Tloc           0%         N/A       98%         3
 Vampiric Draining        Necr           0%         2d6       98%         3
 Airstrike                Air            0%         N/A       100%        4
 Anguish                  Hex/Necr       0%         N/A       100%        4
 Animate Armour           Summ/Erth      0%         N/A       100%        4
 Dispel Undead            Necr           0%         3d6       100%        4
 Olgreb's Toxic Radiance  Pois           0%         N/A       100%        4
 Petrify                  Tmut/Erth      0%         N/A       100%        4
 Sticky Flame             Conj/Fire      0%         2d3       100%        4
 Summon Lightning Spire   Summ/Air       0%         N/A       100%        4
 Agony                    Necr           0%         N/A       100%        5
 Alistair's Intoxication  Tmut/Pois      0%         N/A       100%        5
 Blade Hands              Tmut           0%         N/A       100%        5
 Borgnjor's Vile Clutch   Necr/Erth      0%         N/A       100%        5
 Fireball                 Conj/Fire      0%         3d3       100%        5
 Freezing Cloud           Conj/Ice/Air   0%         6-21      100%        5
 Iskenderun's Battlesphe  Conj           0%         2d6       100%        5
 Lee's Rapid Deconstruct  Erth           0%         3d5*      100%        5
 Lightning Bolt           Conj/Air       0%         1d11      100%        5
 Manifold Assault         Tloc           0%         N/A       100%        5
 Metabolic Englaciation   Hex/Ice        0%         N/A       100%        5
 Summon Forest            Summ/Tloc      0%         N/A       100%        5
 Summon Mana Viper        Hex/Summ       0%         N/A       100%        5
 Yara's Violent Unravell  Hex/Tmut       0%         3d3       100%        5
 Conjure Ball Lightning   Conj/Air       0%         3x3d6     100%        6
 Death Channel            Necr           0%         N/A       100%        6
 Dispersal                Tloc           0%         N/A       100%        6
 Eringya's Noxious Bog    Tmut/Pois      0%         N/A       100%        6
 Iron Shot                Conj/Erth      0%         9d1       100%        6
 Simulacrum               Ice/Necr       0%         N/A       100%        6
 Statue Form              Tmut/Erth      0%         N/A       100%        6
 Summon Cactus Giant      Summ           0%         N/A       100%        6
 Enfeeble                 Hex            0%         N/A       100%        7
 Haunt                    Necr/Summ      0%         N/A       100%        7
 Malign Gateway           Summ/Tloc      0%         N/A       100%        7
 Orb of Destruction       Conj           0%         9d5       100%        7
 Ozocubu's Refrigeration  Ice            0%         4d5       100%        7
 Spellforged Servitor     Conj/Summ      0%         N/A       100%        7
 Borgnjor's Revivificati  Necr           0%         N/A       100%        8
 Discord                  Hex            0%         N/A       100%        8
 Disjunction              Tloc           0%         N/A       100%        8
 Ignition                 Fire           0%         3d3       100%        8
 Lehudib's Crystal Spear  Conj/Erth      0%         10d2      100%        8
 Shatter                  Erth           0%         3d5*      100%        9


Dungeon Overview and Level Annotations

Branches:
Dungeon (15/15)            Temple (0/1) D:5            Lair (6/6) D:9
  Swamp (4/4) Lair:2       Spider (4/4) Lair:2        Slime (0/5) Lair:5
    Orc (2/2) D:12            Elf (3/3) Orc:2        Vaults (5/5) D:13
  Crypt (3/3) Vaults:2       Tomb (0/3) Crypt:3      Depths (4/4) D:15
    Zot (5/5) Depths:4      Sewer (visited)           IceCv (visited)
Volcano (visited)         Gauntlet (visited)

Altars:
Ashenzari
Dithmenos
Elyvilon
Fedhas
Gozag
Kikubaaqudgha
Nemelex Xobeh
Ru
Trog
Uskayaw
Vehumet
Wu Jian
Xom
Yredelemnul
The Shining One

Shops:
D:5 (   D:13 (   D:15 *   Orc:2 ([*=   Elf:1 !:   Vaults:1 *   Vaults:3 *(
Vaults:5 *   Depths:3 =

Portals:
Hell: Depths:1 Depths:2 Depths:3 Depths:4
Abyss: Depths:1 Depths:3 Depths:4
Pandemonium: Depths:1 Depths:2
Ziggurat: Depths:3

Annotations:
D:11 2 runed translucent doors, anonymous's ghost, journeyman NaGl
Spider:3 1 runed translucent door, Wopnel's ghost, adept DsVM
Spider:4 Roxanne
Vaults:4 exclusion: 2 ice statues
Depths:1 1 runed translucent door, Giriussogi's ghost, journeyman MiBe
Zot:2 exclusion: oklob plant
Zot:3 3 runed translucent doors, Glorfindel's ghost, veteran TrNe; Mitut's ghost, master PaFi; Zophe's ghost, legendary DrCj


Innate Abilities, Weirdness & Mutations

You have a pair of horns on your head.
You reflexively headbutt those who attack you in melee.
Your mind is acute. (Int +2)
You are somewhat resistant to further mutation.
You passively map a small area around you.


Message History

You pulverise Edyem!!!
You kill Edyem!
The Council accepts your kill.
Your Armour skill increases to level 26!
You rampage towards the balrug!
You pulverise the balrug!!!
You headbutt the balrug, but do no damage.
The balrug is heavily wounded.
You block the balrug's attack.
You hit the balrug.
The balrug is severely wounded.
The Tzitzimitl gestures at you.
The bolt of negative energy hits the balrug.
The balrug completely resists.
The bolt of negative energy hits you! You partially resist.
You feel drained.
You punch the balrug!
The balrug is severely wounded.
You block the balrug's attack.
You pummel the balrug!!
You kill the balrug!
The Council accepts your kill.
You rampage towards the Tzitzimitl!
You miss the Tzitzimitl. You pummel the Tzitzimitl!!
You headbutt the Tzitzimitl!
The Tzitzimitl is heavily wounded.
The Tzitzimitl calls on the powers of darkness!
Your body is wracked with pain!
You miss the Tzitzimitl. You headbutt the Tzitzimitl!
The Tzitzimitl is heavily wounded.
You miss the Tzitzimitl. Your headbutt misses the Tzitzimitl.
The Tzitzimitl is heavily wounded.
You pulverise the Tzitzimitl!!!
Your headbutt misses the Tzitzimitl.
The Tzitzimitl is almost dead.
The Tzitzimitl barely misses you. You block the Tzitzimitl's attack.
You pummel the Tzitzimitl!!
You kill the Tzitzimitl!
The Council accepts your kill.
A tentacled monstrosity comes into view.
You see here a +1 demon whip of venom.
There is a staircase leading out of the dungeon here.
You have escaped!

.........#.########......#.......
#+#....#.......((........+.####+#
....#####.######)#.......#### #.#
#.#######.# ##.#..........###.#
#.........# ##.)#...............
#.........# ##...##..#####..#....
#.........###....##..# #..#.#.#
#.........##......########..#+#..
#.#######.#.....@..).X'.##.....).
#.# #.##......#####.##.......
+.#######.###....#####.........).
####....#.# ##...##..............
####....#.# ##.)##..............
........#.# ##.##..............
........#.######'#####+###+##....
.......##.......(# #.###.##....
.......#...#####'#####.....##....


You could see a tentacled monstrosity.

Vanquished Creatures
  A pandemonium lord (D:1)
  7 dread liches
  5 ancient liches
  2 orbs of fire (Zot:5)
  A juggernaut (Depths:2)
  Margery (Vaults:2)
  3 Killer Klowns
  Bai Suzhen (Crypt:2)
  13 golden dragons
  Arachne (Spider:4)
  3 bone dragons
  A Tzitzimitl (D:1)
  4 electric golems
  The ghost of Ituhak the Unseen, an adept GnDe of Zin (Vaults:3)
  A Hell Sentinel (D:1)
  A walking crystal tome (Depths:2)
  24 tentacled monstrosities
  26 Orb Guardians
  Jorgrun (D:14)
  The ghost of Wakhat the Tortoise, an adept MiFi of the Shining One (Vaults:2)
  7 quicksilver dragons
  Asterion (Spider:4)
  4 deep elf blademasters
  6 liches
  A walking frostbound tome (Depths:4)
  3 deep elf master archers (Elf:3)
  5 titans
  4 Executioners
  5 sphinxes
  The ghost of melvinkitnick the Devastator, an adept DrFE of Vehumet (Swamp:2)
  9 death cobs
  Gastronok (Lair:3)
  4 ancient champions
  An eldritch tentacle (Vaults:4)
  6 tengu reavers
  14 shadow dragons
  16 storm dragons
  A demonspawn warmonger (D:3)
  9 draconian monks
  The ghost of champignon the Spear-Bearer, an adept DsGl of Okawaru (Elf:2)
  4 fenstrider witches (Depths:3)
  10 fire giants
  Donald (Vaults:2)
  8 draconian knights
  2 revenants (Crypt:1)
  Louise (Depths:1)
  Aizul (Elf:3)
  4 deep elf sorcerers
  17 vault wardens
  2 azure jellies (Vaults:4)
  9 frost giants
  3 emperor scorpions
  14 draconian scorchers
  3 balrugs (D:1)
  8 draconian shifters
  10 ghost moths
  9 draconian stormcallers
  7 deep elf elementalists
  5 orc warlords
  A curse skull (Zot:2)
  21 ironbound preservers
  3 draconian annihilators
  A spriggan defender (Depths:2)
  A broodmother (Spider:1)
  10 ironbound thunderhulks
  8 ghouls
  25 very ugly things
  13 war gargoyles
  4 vampire knights
  Nessos (D:14)
  8 green draconians
  18 stone giants
  9 eleionomae
  3 entropy weavers
  16 purple draconians
  8 bunyips
  3 lorocyprocas
  6 deep elf demonologists
  16 black draconians
  16 dire elephants
  Azrael (D:14)
  9 deep elf annihilators
  A minotaur (Gauntlet)
  17 yellow draconians
  The ghost of qborf the Covert, a journeyman SpBr of Dithmenos (D:14)
  16 red draconians
  12 spark wasps
  11 white draconians
  4 crystal guardians
  14 ettins
  A blizzard demon (Depths:2)
  5 jiangshi (Crypt:1)
  2 eidola
  7 deep elf death magi
  10 fire dragons
  9 deep elf high priests
  A fenstrider witch zombie (Crypt:1)
  A shambling mangrove (Swamp:4)
  8 great orbs of eyes
  9 yaktaur captains
  A rakshasa (Depths:2)
  A spriggan zombie (Crypt:3)
  13 ice dragons
  33 vault guards
  A juggernaut simulacrum (Depths:2)
  A salamander tyrant (Depths:1)
  4 ogre magi
  6 peacekeepers
  9 boulder beetles
  An ice dragon (shapeshifter) (Depths:4)
  8 alligators
  4 spriggan air magi
  A jorogumo (Spider:4)
  A death knight (D:13)
  6 ironbound frosthearts
  2 spriggan skeletons
  5 catoblepae
  A merfolk aquamancer (Depths:3)
  13 centaur warriors
  A hell beast (Elf:3)
  Erica (D:9)
  5 ghost crabs
  3 radroaches (Spider:3)
  43 dancing weapons
  44 hydras
  10 two-headed ogres
  A death scarab (Spider:4)
  2 vampire magi
  6 deep troll shamans
  5 orc high priests
  3 deep troll earth magi
  7 death yaks
  8 tengu warriors
  A titan zombie (Crypt:3)
  7 spriggan berserkers (Depths:4)
  Sonja (Lair:1)
  20 hell knights
  14 deep elf knights
  A storm dragon skeleton (Crypt:1)
  6 sun demons (D:1)
  2 soul eaters (Crypt:2)
  5 iron trolls
  7 pharaoh ants
  A spark wasp zombie (Depths:3)
  A sun moth (Spider:3)
  51 deep trolls
  2 golden dragon zombies
  30 skeletal warriors
  A deep troll (shapeshifter) (Vaults:5)
  7 goliath frogs
  A steelbarb worm (shapeshifter) (Vaults:4)
  2 glowing orange brains
  8 swamp dragons
  9 spriggan druids
  5 steelbarb worms
  An iron giant zombie (Crypt:3)
  An orange crystal statue (IceCv)
  2 phantasmal warriors
  15 wizards
  A sea snake (shapeshifter) (Elf:1)
  4 bog bodies
  2 obsidian statues
  9 lindwurms
  11 orb spiders
  A golden dragon skeleton (Vaults:4)
  14 necromancers
  7 deep elf archers
  8 harpies
  19 orc knights
  An oklob plant (Zot:2)
  48 ugly things
  35 deep elf pyromancers
  27 deep elf zephyrmancers
  19 ironbound convokers
  A stone giant zombie (Crypt:2)
  19 wolf spiders
  4 orc sorcerers
  3 shadow dragon skeletons
  A sphinx skeleton (Crypt:2)
  5 cyclopes
  5 salamanders
  An eleionoma zombie (Crypt:1)
  3 human zombies
  A rust devil (D:1)
  10 manticores
  A will-o-the-wisp (Swamp:4)
  2 frost giant zombies (Vaults:1)
  2 salamanders (shapeshifter)
  5 toenail golems (Volcano)
  A stone giant skeleton (Crypt:3)
  12 elephants
  25 moths of wrath
  11 black mambas
  2 smoke demons
  A naga zombie (Crypt:3)
  Maurice (D:8)
  7 centaur skeletons
  3 naga magi (Vaults:4)
  A titan simulacrum (Vaults:4)
  17 vault sentinels
  5 torpor snails
  A torpor snail (shapeshifter) (Depths:2)
  A gargoyle (D:7)
  12 cane toads
  A dire elephant skeleton (Crypt:2)
  An elf skeleton (Vaults:1)
  A sea snake zombie (Crypt:2)
  An efreet (D:1)
  7 freezing wraiths
  14 rime drakes
  A grey draconian skeleton (Crypt:1)
  A kobold demonologist (D:7)
  11 komodo dragons
  3 demonic crawlers
  2 tormentors (D:1)
  15 yaktaurs
  2 dryads (Depths:3)
  An anaconda simulacrum (Vaults:4)
  2 ice devils
  6 tengu conjurers
  9 trolls
  A red devil (Depths:2)
  4 human skeletons
  2 queen bees (shapeshifter)
  2 bloated husks
  A harpy zombie (Crypt:3)
  A tengu simulacrum (Vaults:4)
  6 meliai
  6 tyrant leeches
  2 hornets (shapeshifter)
  27 polar bears
  15 hornets
  A harpy skeleton (Crypt:3)
  A polar bear (shapeshifter) (D:12)
  A moth of wrath zombie (Crypt:2)
  A satyr zombie (Crypt:2)
  Grinder (D:4)
  22 blink frogs
  A culicivora zombie (Crypt:1)
  A shadow dragon simulacrum (Vaults:4)
  46 slime creatures
  13 dream sheep
  16 tarantellas
  A black mamba zombie (Crypt:2)
  3 centaur simulacra
  An ettin zombie (Depths:2)
  48 flying skulls
  22 culicivoras
  12 wraiths
  4 shadows
  28 spriggans
  9 water elementals
  33 jumping spiders
  An ettin skeleton (Vaults:4)
  2 vampires
  A ynoxinul (Gauntlet)
  4 air elementals
  6 fire elementals
  2 basilisks
  An alligator snapping turtle simulacrum (Crypt:2)
  2 wyverns
  47 yaks
  A yak (shapeshifter) (D:13)
  4 golden eyes (D:1)
  19 vampire mosquitoes
  2 chaos spawn (Depths:2)
  34 redbacks
  2 harpy simulacra
  A deep troll zombie (Crypt:1)
  2 spatial vortices (Vaults:4)
  4 wargs (Orc:2)
  12 swamp worms
  3 small abominations (Vaults:4)
  An acid dragon (D:10)
  A merfolk zombie (Crypt:1)
  16 water moccasins
  A two-headed ogre zombie (Crypt:1)
  A swamp worm (shapeshifter) (D:15)
  A hydra simulacrum (Vaults:4)
  2 floating eyes
  A naga skeleton (Crypt:2)
  9 hell hounds
  Pargi (Sewer)
  10 swamp drakes
  An ice beast (D:7)
  39 orc warriors
  A large abomination (D:1)
  4 sky beasts
  9 black bears
  5 boggarts (Lair:6)
  An ettin simulacrum (Vaults:4)
  8 necrophages
  7 ogres
  21 wolves
  14 centaurs
  A hog zombie (Crypt:1)
  2 phantoms
  3 kobold brigands
  A komodo dragon zombie (Crypt:2)
  15 bullfrogs
  3 scorpions
  A wyvern zombie (D:8)
  4 earth elementals
  A gnoll sergeant (D:8)
  An ogre simulacrum (Vaults:3)
  A water moccasin zombie (D:6)
  2 glowing shapeshifter simulacra
  2 wyvern skeletons
  16 killer bees
  An elephant simulacrum (Vaults:4)
  5 wights
  4 howler monkeys
  3 electric eels
  13 centaur zombies
  3 hounds
  34 orc priests
  2 jellies (D:5)
  4 iron imps (Gauntlet)
  4 iguanas
  32 orc wizards
  4 lightning spires (Zot:2)
  4 troll simulacra (Vaults:4)
  2 killer bee zombies
  A hound skeleton (D:4)
  A howler monkey zombie (D:10)
  12 gnolls
  9 adders
  A howler monkey skeleton (D:10)
  A shadow imp (Gauntlet)
  5 white imps
  An ufetubus (D:5)
  An adder skeleton (D:4)
  A lava snake skeleton (Crypt:2)
  3 dart slugs
  79 orcs
  2 ball pythons
  2 endoplasms
  2 giant cockroaches
  A giant cockroach (shapeshifter) (Vaults:5)
  7 goblins
  8 hobgoblins
  18 kobolds
  2 quokkas
  3 training dummies (D:5)
  8 bats
  3 frilled lizards
  5 rats
2523 creatures vanquished.

Vanquished Creatures (others)
  A draconian stormcaller (Zot:2)
  An eleionoma (Swamp:3)
  A black draconian (Zot:1)
  A white draconian (Zot:5)
  A deep elf knight (Elf:2)
  A goliath frog (Swamp:3)
  A deep troll (Vaults:4)
  An orb spider (Spider:3)
  A wizard (Gauntlet)
  A wolf spider (Spider:4)
  3 bloated husks
  A meliai (Spider:4)
  A spriggan (Swamp:3)
  A swamp drake (Swamp:3)
  16 demonic plants (Gauntlet)
  2 foxfires (Swamp:4)
  76 fungi
  102 plants
  4 withered plants (Zot:3)
216 creatures vanquished.

Grand Total: 2739 creatures vanquished

Notes
Turn   | Place    | Note
-------+----------+-------------------------------------------
     0 | D:1      | SlyGuyMcFly the Minotaur Monk began the quest for the Orb.
     0 | D:1      | Reached XP level 1. HP: 19/19 MP: 0/0
    62 | D:1      | Reached XP level 2. HP: 27/27 MP: 1/1
  1214 | D:2      | Reached XP level 3. HP: 33/33 MP: 2/2
  1215 | D:2      | Found a hide-covered altar of Uskayaw.
  1660 | D:2      | Reached XP level 4. HP: 30/41 MP: 3/3
  2567 | D:3      | Found a shadowy altar of Dithmenos.
  3159 | D:3      | Reached skill level 1 in Armour
  3267 | D:4      | Noticed Grinder
  3364 | D:4      | Noticed Edmund
  3476 | D:4      | Noticed a phantom
  3482 | D:4      | Killed a phantom
  3483 | D:4      | Reached XP level 5. HP: 47/47 MP: 4/4
  3672 | D:4      | Reached skill level 5 in Fighting
  3797 | D:4      | Noticed a centaur
  3804 | D:4      | Killed a centaur
  3805 | D:4      | Reached skill level 5 in Unarmed Combat
  3805 | D:4      | Reached XP level 6. HP: 37/56 MP: 5/5
  3924 | D:4      | Found an ancient bone altar of Kikubaaqudgha.
  3953 | D:4      | Found a glowing golden altar of the Shining One.
  4197 | D:4      | Paralysed by Grinder for 3 turns
  4205 | D:4      | Killed Grinder
  4206 | D:4      | Reached XP level 7. HP: 62/62 MP: 6/6
  4354 | D:4      | Noticed Edmund
  4354 | D:4      | Edmund changed into Edmund the orc
  4359 | D:4      | Killed Edmund the orc
  4472 | D:5      | Entered Level 5 of the Dungeon
  4492 | D:5      | Reached skill level 5 in Armour
  4536 | D:5      | Found Nemun's Firing Range.
  4550 | D:5      | Found an ornate altar of the Wu Jian Council.
  4558 | D:5      | Became a worshipper of the Wu Jian Council
  4558 | D:5      | Reached * piety under Wu Jian
  4558 | D:5      | Reached ** piety under Wu Jian
  4578 | D:5      | Found a staircase to the Ecumenical Temple.
  4590 | D:5      | Found a glowing drain.
  4606 | Sewer    | Entered a sewer
  4641 | Sewer    | Noticed Pargi
  4678 | Sewer    | Killed Pargi
  4819 | D:5      | Reached XP level 8. HP: 32/70 MP: 7/7
  5097 | D:5      | You fall into a shaft and drop 1 floor!
  5099 | D:6      | Found a white marble altar of Elyvilon.
  5229 | D:6      | Found a hide-covered altar of Uskayaw.
  5907 | D:6      | Reached *** piety under Wu Jian
  6252 | D:6      | Reached skill level 1 in Shields
  7029 | D:7      | Reached XP level 9. HP: 28/79 MP: 8/8
  7596 | D:7      | Found a radiant altar of Vehumet.
  8251 | D:7      | Noticed a cyclops
  8284 | D:7      | Killed a cyclops
  8530 | D:7      | Noticed a troll
  8530 | D:7      | Noticed a kobold demonologist
  8530 | D:7      | Noticed a gargoyle
  8943 | D:6      | Killed a troll
  8944 | D:6      | Reached skill level 10 in Unarmed Combat
  9285 | D:5      | Bought 6 silver javelins for 187 gold pieces
  9388 | D:7      | Killed a gargoyle
  9529 | D:7      | Noticed a manticore
  9533 | D:7      | Noticed a smoke demon
  9571 | D:7      | Noticed a rust devil
  9802 | D:7      | Reached skill level 5 in Shields
  9824 | D:7      | Reached XP level 10. HP: 90/90 MP: 9/9
 10036 | D:7      | Gained mutation: You passively map a small area around you.
                  | [a neqoxec]
 10036 | D:7      | Gained mutation: Potions are less effective at restoring
                  | your health. [a neqoxec]
 10527 | D:8      | Found a sacrificial altar of Ru.
 10548 | D:8      | Noticed Maurice
 10552 | D:8      | Killed Maurice
 10615 | D:8      | Found a bloodstained altar of Trog.
 10796 | D:8      | Identified the +1 scale mail "Taach" {Rampage rF- Regen+
                  | Slay+5}
 11211 | D:9      | Reached skill level 1 in Throwing
 11213 | D:9      | Paralysed by a hornet for 3 turns
 11377 | D:9      | Noticed Erica
 11640 | D:9      | Reached **** piety under Wu Jian
 11726 | D:9      | Noticed an eight-headed hydra
 11767 | D:8      | Killed an eight-headed hydra
 11768 | D:8      | Reached skill level 10 in Armour
 11862 | D:9      | Reached XP level 11. HP: 96/99 MP: 10/10
 11865 | D:9      | Reached skill level 10 in Fighting
 11865 | D:9      | Found a staircase to the Lair.
 12031 | D:9      | Killed Erica
 12192 | D:10     | Entered Level 10 of the Dungeon
 12532 | D:10     | Identified the +3 chain mail of Lesser Demons {rC+}
 12532 | D:10     | Noticed a skeletal warrior
 12792 | D:10     | Noticed a two-headed ogre
 12801 | D:10     | Killed a two-headed ogre
 13202 | D:10     | Reached skill level 5 in Throwing
 13327 | D:10     | Noticed a skeletal warrior
 13343 | D:10     | Killed a skeletal warrior
 13408 | D:10     | Reached XP level 12. HP: 110/110 MP: 11/11
 13739 | D:11     | Noticed anonymous's ghost (journeyman NaGl)
 13739 | D:11     | Noticed a lich
 13757 | D:11     | Noticed an ettin
 14015 | D:11     | Found a runed translucent door.
 14146 | D:11     | Found a runed translucent door.
 14539 | D:12     | Noticed a centaur warrior
 14540 | D:12     | Noticed a six-headed hydra
 14546 | D:12     | Killed a centaur warrior
 14610 | D:11     | Killed a six-headed hydra
 14824 | D:11     | Reached skill level 15 in Unarmed Combat
 14948 | D:12     | Found a staircase to the Orcish Mines.
 15017 | D:12     | Noticed a boulder beetle
 15043 | D:12     | Killed a boulder beetle
 15104 | D:12     | Noticed a two-headed ogre
 15425 | D:13     | Noticed a four-headed hydra
 15429 | D:13     | Noticed a tengu warrior
 15431 | D:13     | Killed a four-headed hydra
 15550 | D:13     | Noticed a centaur warrior
 15608 | Lair:1   | Entered Level 1 of the Lair of Beasts
 15732 | Lair:1   | Reached XP level 13. HP: 114/119 MP: 12/12
 16101 | Lair:1   | Noticed Sonja
 16106 | Lair:1   | Killed Sonja
 17309 | Lair:2   | Found a hole to the Spider Nest.
 17408 | Lair:2   | Found a staircase to the Swamp.
 17754 | Lair:2   | Reached ***** piety under Wu Jian
 18073 | Lair:3   | Found a dark tunnel.
 18082 | Volcano  | Entered a volcano
 18216 | Volcano  | Reached XP level 14. HP: 116/132 MP: 13/13
 19037 | Lair:3   | Noticed Gastronok
 19055 | Lair:3   | Killed Gastronok
 19390 | Lair:3   | Lost mutation: Potions are less effective at restoring your
                  | health. [potion of mutation]
 19390 | Lair:3   | Lost mutation: You passively map a small area around you.
                  | [potion of mutation]
 19390 | Lair:3   | Gained mutation: You sometimes lose the ability to read
                  | scrolls when taking damage. [potion of mutation]
 19390 | Lair:3   | Gained mutation: Your magical capacity is low. (-10% MP)
                  | [potion of mutation]
 19390 | Lair:3   | Gained mutation: Your magical capacity is very low. (-20%
                  | MP) [potion of mutation]
 19391 | Lair:3   | Lost mutation: Your magical capacity is very low. (-20% MP)
                  | [potion of mutation]
 19391 | Lair:3   | Lost mutation: You sometimes lose the ability to read
                  | scrolls when taking damage. [potion of mutation]
 19391 | Lair:3   | Lost mutation: Your magical capacity is low. (-10% MP)
                  | [potion of mutation]
 19391 | Lair:3   | Gained mutation: You are somewhat resistant to further
                  | mutation. [potion of mutation]
 19391 | Lair:3   | Gained mutation: You have a pair of large horns on your
                  | head. [potion of mutation]
 19394 | Lair:3   | Lost mutation: You are somewhat resistant to further
                  | mutation. [potion of mutation]
 19394 | Lair:3   | Lost mutation: You have a pair of large horns on your head.
                  | [potion of mutation]
 19394 | Lair:3   | Gained mutation: You passively map a small area around you.
                  | [potion of mutation]
 19394 | Lair:3   | Gained mutation: Your mind is acute. (Int +2) [potion of
                  | mutation]
 19394 | Lair:3   | Gained mutation: You are somewhat resistant to further
                  | mutation. [potion of mutation]
 19901 | Lair:4   | Reached skill level 15 in Armour
 20295 | Lair:4   | Reached skill level 15 in Fighting
 20648 | Lair:5   | Reached skill level 1 in Evocations
 20662 | Lair:5   | Found a staircase to the Slime Pits.
 21523 | Lair:6   | Entered Level 6 of the Lair of Beasts
 21911 | Lair:6   | Reached XP level 15. HP: 138/141 MP: 14/14
 22262 | Lair:6   | Reached skill level 5 in Evocations
 23468 | Orc:1    | Entered Level 1 of the Orcish Mines
 23498 | Orc:1    | Reached ****** piety under Wu Jian
 23873 | Orc:2    | Entered Level 2 of the Orcish Mines
 24117 | Orc:2    | Found a staircase to the Elven Halls.
 24329 | Orc:2    | Noticed an orc warlord
 24472 | Orc:1    | Killed an orc warlord
 24859 | Orc:2    | Found Muhaupp's Antique Armour Boutique.
 24860 | Orc:2    | Found Ydghuss's Antique Weapon Shop.
 24861 | Orc:2    | Found Furhanih's General Store.
 24861 | Orc:2    | Found Paitunk's Jewellery Boutique.
 24867 | Orc:2    | Bought a scroll of fear for 49 gold pieces
 24867 | Orc:2    | Bought a scroll of identify for 28 gold pieces
 24867 | Orc:2    | Bought a scroll of identify for 28 gold pieces
 24870 | Orc:2    | Identified a scroll of acquirement
 24885 | Orc:2    | Bought a scorched plate armour for 784 gold pieces
 24885 | Orc:2    | Identified the +2 plate armour of the Devil's Advocate
                  | {Will+} (You bought it in a shop on level 2 of the Orcish
                  | Mines)
 24885 | Orc:2    | Bought a pair of runed gloves for 210 gold pieces
 24900 | Orc:2    | Acquired a manual of Shields
 25211 | D:13     | Found Telit's Weapon Boutique.
 25320 | D:12     | Identified the ring "Posamopn" {rPois rF- AC+4 Str+2}
 25535 | D:13     | Identified the amulet "Emil" {Faith Int+3 Dex+4}
 25598 | D:13     | Found a gate to the Vaults.
 26201 | D:14     | Got the Volume of the Displaced Escort
 26241 | D:14     | Reached XP level 16. HP: 112/152 MP: 15/15
 26312 | D:14     | Noticed Azrael
 26320 | D:14     | Killed Azrael
 26559 | D:14     | Found a blossoming altar of Fedhas.
 26717 | D:14     | Found a transporter.
 26717 | D:14     | Noticed qborf's ghost (journeyman SpBr)
 26728 | D:14     | Found a transporter.
 26777 | D:14     | Noticed Nessos
 26802 | D:14     | Killed Nessos
 27205 | D:14     | Noticed Jorgrun
 27214 | D:14     | Killed Jorgrun
 27468 | D:15     | Entered Level 15 of the Dungeon
 27513 | D:15     | Found Cenyedug's Assorted Antiques.
 27519 | D:15     | Found a gate leading to a gauntlet.
 27536 | Gauntlet | Entered a Gauntlet
 27536 | Gauntlet | Found a transporter.
 27536 | Gauntlet | Found a transporter.
 27541 | Gauntlet | Found a transporter.
 27563 | Gauntlet | Found a transporter.
 27571 | Gauntlet | Found a transporter.
 27573 | Gauntlet | Found a transporter.
 27573 | Gauntlet | Found a transporter.
 27579 | Gauntlet | Found a transporter.
 27613 | Gauntlet | Found a transporter.
 27622 | Gauntlet | Found a transporter.
 27631 | Gauntlet | Found a transporter.
 27649 | Gauntlet | Found a transporter.
 27664 | Gauntlet | Found a transporter.
 27680 | Gauntlet | Found a transporter.
 27779 | Gauntlet | Found a transporter.
 27797 | Gauntlet | Found a transporter.
 27828 | Gauntlet | Found a transporter.
 27844 | Gauntlet | Found a transporter.
 27858 | Gauntlet | Found a transporter.
 27874 | Gauntlet | Found a transporter.
 27876 | Gauntlet | Found a transporter.
 27886 | Gauntlet | Found a transporter.
 27901 | Gauntlet | Found a transporter.
 27918 | Gauntlet | Found a transporter.
 27929 | Gauntlet | Found a transporter.
 27948 | Gauntlet | Found a transporter.
 28019 | Gauntlet | Found a transporter.
 28029 | Gauntlet | Found a transporter.
 28038 | Gauntlet | Found a transporter.
 28048 | Gauntlet | Found a transporter.
 28051 | Gauntlet | Found a transporter.
 28195 | Gauntlet | Identified the ring "Vout" {rF+ rC+ Str+2 Stlth+}
 28423 | Gauntlet | Identified the +4 plate armour of Whack-A-Mole {Regen+}
 28423 | Gauntlet | Identified the +1 rapier "Begyaxo" {vamp, rElec Str+4
                  | Dex+4}
 29494 | D:15     | Bought a fuming black potion for 33 gold pieces
 29855 | D:15     | Found a staircase to the Depths.
 30069 | Depths:1 | Entered Level 1 of the Depths
 30260 | Spider:1 | Entered Level 1 of the Spider Nest
 30456 | Spider:1 | Identified the +1 ring mail of the Arena {Dex+2}
 30544 | Spider:1 | Reached skill level 5 in Dodging
 31883 | Spider:2 | Reached skill level 10 in Shields
 31924 | Spider:2 | Reached XP level 17. HP: 147/162 MP: 0/16
 32979 | Spider:3 | Identified the ring of Finality {rF+ Dex+3}
 33847 | Spider:3 | Found a runed translucent door.
 33848 | Spider:3 | Found a shimmering altar of Xom.
 33848 | Spider:3 | Noticed Wopnel's ghost (adept DsVM)
 34412 | Spider:4 | Entered Level 4 of the Spider Nest
 35110 | Spider:4 | Noticed Asterion
 35518 | Swamp:1  | Entered Level 1 of the Swamp
 36646 | Swamp:2  | Found a large runed translucent door.
 36646 | Swamp:2  | Found a large runed translucent door.
 36647 | Swamp:2  | Noticed melvinkitnick's ghost (adept DrFE)
 36785 | Swamp:2  | Reached skill level 10 in Evocations
 37142 | Swamp:2  | Killed melvinkitnick's ghost
 38134 | Swamp:3  | Reached XP level 18. HP: 85/172 MP: 5/17
 38438 | Swamp:4  | Entered Level 4 of the Swamp
 39654 | Swamp:4  | Got a decaying rune of Zot
 40007 | Spider:4 | Killed Asterion
 40153 | Spider:4 | Noticed Roxanne
 40531 | Spider:4 | Noticed Arachne
 40548 | Spider:4 | Killed Arachne
 40868 | Spider:4 | Got a gossamer rune of Zot
 41209 | Vaults:1 | Entered Level 1 of the Vaults
 41580 | Vaults:1 | Found Voudulu's Assorted Antiques.
 41588 | Vaults:1 | Bought a scroll of fog for 56 gold pieces
 42680 | Vaults:1 | Found the +2 hat of the Bear Spirit {Spirit, *Rage Will++}
 43617 | Vaults:2 | Reached skill level 10 in Throwing
 43620 | Vaults:2 | Reached XP level 19. HP: 183/183 MP: 1/18
 44400 | Vaults:2 | Noticed a dread lich
 44406 | Vaults:2 | Noticed a Tzitzimitl
 44497 | Vaults:2 | Noticed Donald
 44505 | Vaults:2 | Noticed Margery
 45445 | Depths:1 | Found a gateway to Hell.
 45482 | Depths:1 | Found a runed translucent door.
 45485 | Depths:1 | Noticed Giriussogi's ghost (journeyman MiBe)
 45637 | Depths:1 | Found a one-way gate leading to the halls of Pandemonium.
 45674 | Depths:1 | Identified the +8 chain mail of the Vanishing People {rF+}
 46243 | Depths:1 | Found a one-way gate to the infinite horrors of the Abyss.
 46248 | Depths:1 | Noticed Louise
 46254 | Depths:1 | Killed Louise
 46538 | Depths:2 | Noticed a golden dragon
 46538 | Depths:2 | Noticed a juggernaut
 46770 | Depths:2 | Killed a juggernaut
 46783 | Depths:2 | Paralysed by a floating eye for 4 turns
 46987 | Depths:2 | Found a shadowy altar of Dithmenos.
 46998 | Depths:2 | Reached XP level 20. HP: 139/193 MP: 11/19
 47003 | Depths:2 | Found a broken altar of Ashenzari.
 47105 | Depths:2 | Found a hide-covered altar of Uskayaw.
 47514 | Depths:2 | Got the Volume of Summoning
 47519 | Depths:2 | Identified the ring of Incredulity {Wiz Fly rElec Str+6
                  | Dex-4}
 47884 | Depths:2 | Found an opulent altar of Gozag.
 47885 | Depths:2 | Found an opulent altar of Gozag.
 47885 | Depths:2 | Found an opulent altar of Gozag.
 47895 | Depths:2 | Found an opulent altar of Gozag.
 47959 | Depths:2 | Identified the +2 robe of the Bull {+Blink Slay-5 SInv}
 47978 | Depths:2 | Killed a golden dragon
 48290 | Depths:3 | Found a one-way gateway to a ziggurat.
 49349 | Depths:3 | Reached skill level 15 in Shields
 49943 | Depths:3 | Found a sparkling altar of Nemelex Xobeh.
 49995 | Depths:3 | Found Orho Geb's Jewellery Emporium.
 49998 | Depths:3 | Bought the ring "Kestro" {Wiz Contam rElec rN+ rCorr} for
                  | 674 gold pieces
 50338 | Depths:4 | Entered Level 4 of the Depths
 50523 | Depths:4 | Noticed a golden dragon
 50546 | Depths:4 | Killed a golden dragon
 50591 | Depths:4 | Noticed a bone dragon
 50750 | Depths:4 | Killed a bone dragon
 51782 | Depths:4 | Identified the +1 leather armour of the Dungeon {rN+ Will+
                  | Stlth+}
 52671 | Depths:4 | Found a gate to the Realm of Zot.
 52893 | Vaults:1 | Reached XP level 21. HP: 137/203 MP: 1/20
 53877 | Vaults:2 | Found a staircase to the Crypt.
 53877 | Vaults:2 | Found a basalt altar of Yredelemnul.
 53878 | Vaults:2 | Found an ancient bone altar of Kikubaaqudgha.
 54390 | Vaults:2 | Killed Margery
 54619 | Vaults:2 | Killed a dread lich
 54709 | Vaults:2 | Found a runed translucent door.
 54709 | Vaults:2 | Noticed Wakhat's ghost (adept MiFi)
 54959 | Vaults:2 | Killed Donald
 55780 | Vaults:2 | Killed Wakhat's ghost
 55791 | Vaults:2 | Got Leda's Incunabulum of the Rocks
 56609 | Vaults:3 | Found a runed translucent gate.
 56616 | Vaults:3 | Found a runed translucent gate.
 56616 | Vaults:3 | Found an opulent altar of Gozag.
 56616 | Vaults:3 | Found a runed translucent gate.
 56617 | Vaults:3 | Noticed Ituhak's ghost (adept GnDe)
 56618 | Vaults:3 | Found Rotwauck's Assorted Antiques.
 56636 | Vaults:3 | Found Edalapho's Weapon Shoppe.
 58449 | Vaults:4 | Found a flickering gateway to a bazaar.
 58462 | Bazaar   | Entered a bazaar
 58484 | Bazaar   | Found Benked's Antique Weapon Boutique.
 58494 | Bazaar   | Found Joceex's Distillery.
 58508 | Bazaar   | Found Oteadd's Armour Boutique.
 58513 | Bazaar   | Bought a +2 pair of boots of rampaging for 365 gold pieces
 58537 | Bazaar   | Found Biclox's Magic Scroll Shoppe.
 58545 | Bazaar   | Bought a scroll of enchant armour for 67 gold pieces
 58545 | Bazaar   | Bought a scroll of fear for 31 gold pieces
 58545 | Bazaar   | Bought a scroll of fear for 31 gold pieces
 58557 | Bazaar   | Found Otelif's Armour Boutique.
 58695 | Bazaar   | Bought a potion of heal wounds for 55 gold pieces
 58695 | Bazaar   | Bought 2 potions of haste for 220 gold pieces
 58695 | Bazaar   | Bought a potion of might for 44 gold pieces
 58695 | Bazaar   | Bought a potion of haste for 110 gold pieces
 59009 | Vaults:4 | Got the Volume of the Robin
 59299 | Vaults:4 | Reached XP level 22. HP: 195/214 MP: 0/21
 61193 | Vaults:4 | Got the Incunabulum of the Voyage
 61337 | Vaults:4 | Reached skill level 27 in Unarmed Combat
 61762 | Vaults:5 | Entered Level 5 of the Vaults
 61979 | D:14     | Killed qborf's ghost
 62632 | Vaults:3 | Paralysed by a great orb of eyes for 3 turns
 62707 | Vaults:3 | Killed Ituhak's ghost
 62903 | Vaults:3 | Bought a scroll of enchant armour for 307 gold pieces
 63113 | Elf:1    | Entered Level 1 of the Elven Halls
 63172 | Elf:1    | Found a frozen archway.
 63183 | IceCv    | Entered an ice cave
 64078 | IceCv    | Identified the +2 fustibalus of Untimely Demise {vorpal,
                  | rPois rC+ Int-2}
 64793 | Elf:1    | Found Rimy's Distillery.
 64882 | Elf:1    | Found Uthrosmu's Book Emporium.
 65286 | Elf:1    | Identified the +6 broad axe "Onirch" {drain, Fly rF+ Will-
                  | rCorr}
 65667 | Elf:2    | Reached XP level 23. HP: 225/225 MP: 19/22
 65752 | Elf:2    | Paralysed by an air elemental for 1 turns
 65905 | Elf:2    | Found a runed translucent gate.
 65905 | Elf:2    | Found a runed translucent gate.
 65915 | Elf:2    | Found a runed translucent gate.
 66044 | Elf:2    | Paralysed by an air elemental for 1 turns
 66045 | Elf:2    | Noticed champignon's ghost (adept DsGl)
 66048 | Elf:2    | Paralysed by an air elemental for 1 turns
 66068 | Elf:2    | Found a bloodstained altar of Trog.
 66079 | Elf:2    | Identified the +4 long sword of Undoing {vorpal, rN++
                  | Dex+5}
 66097 | Elf:2    | Found a transporter.
 66101 | Elf:2    | Found the +7 captain's cutlass {speed, disarm}
 66132 | Elf:2    | Found a transporter.
 67697 | Elf:2    | Killed champignon's ghost
 67713 | Elf:2    | Identified the ring "Qubleoda" {rElec rCorr}
 67769 | Elf:3    | Entered Level 3 of the Elven Halls
 67944 | Elf:3    | Noticed Aizul
 67963 | Elf:3    | Killed Aizul
 69066 | Elf:3    | Reached skill level 15 in Throwing
 69106 | Elf:3    | Identified the +8 battleaxe "Uvuehy" {freeze, rElec Str+6}
 69248 | Elf:3    | Identified the +3 rapier "Peeletall" {holy, rPois rN++}
 69254 | Elf:3    | Identified the +3 chain mail of Fashionability {Harm Drain
                  | Will++ Int+2}
 69480 | Elf:3    | Identified the +2 mace "Zongetaz" {vorpal, rN++ Will- Str+4
                  | SInv}
 69941 | Elf:3    | Got Ceutz's Disquisition on the Voyage and Heat
 69948 | Elf:3    | Identified the +6 chain mail of Tekkepyd {+Blink Int+4}
 71240 | Vaults:5 | Reached skill level 15 in Evocations
 71241 | Vaults:5 | Noticed an ancient lich
 71257 | Vaults:5 | Noticed an ancient lich
 71310 | Vaults:5 | HP: 6/227 [something/crystal spear (73)]
 71314 | Vaults:5 | Noticed an ancient lich
 71319 | Vaults:5 | Found Zeduvor's Assorted Antiques.
 71332 | Vaults:5 | Upgraded the game from 0.29-a0-8-g0446c0dae4 to
                  | 0.29-a0-11-ga75d3d97ab
 71347 | Vaults:5 | Upgraded the game from 0.29-a0-11-ga75d3d97ab to
                  | 0.29-a0-22-gbf593b16ee
 71375 | Vaults:5 | Reached XP level 24. HP: 76/236 MP: 14/22
 71479 | Vaults:5 | Killed an ancient lich
 72627 | Vaults:5 | Killed an ancient lich
 73019 | Vaults:5 | Killed an ancient lich
 73034 | Vaults:5 | Got a silver rune of Zot
 73425 | Vaults:5 | Bought a scroll of enchant armour for 202 gold pieces
 73425 | Vaults:5 | Bought a scroll of magic mapping for 94 gold pieces
 73699 | Vaults:5 | Noticed a dread lich
 73722 | Vaults:5 | HP: 9/235 [something (5)]
 73724 | Vaults:5 | Killed a dread lich
 74494 | Vaults:5 | Identified the ring of Wena Masm {*Corrode rN+ AC+4 Int+2
                  | SInv}
 74946 | Crypt:1  | Entered Level 1 of the Crypt
 76398 | Crypt:2  | Noticed Bai Suzhen
 76642 | Crypt:2  | Killed Bai Suzhen
 77048 | Crypt:2  | Found a shimmering altar of Xom.
 77235 | Crypt:3  | Entered Level 3 of the Crypt
 77409 | Crypt:3  | Reached XP level 25. HP: 173/246 MP: 0/22
 78046 | Crypt:3  | Found an ancient bone altar of Kikubaaqudgha.
 78046 | Crypt:3  | Noticed an ancient lich
 78058 | Crypt:3  | Killed an ancient lich
 79247 | Crypt:3  | Found a staircase to the Tomb.
 80015 | Zot:1    | Entered Level 1 of the Realm of Zot
 82406 | Zot:2    | Reached skill level 10 in Dodging
 82452 | Zot:2    | Identified the +1 pair of boots of Forking Paths {rPois rC-
                  | Str+4 Dex+4}
 84273 | Zot:3    | Found a runed translucent gate.
 84273 | Zot:3    | Found a runed translucent gate.
 84273 | Zot:3    | Found a runed translucent gate.
 84277 | Zot:3    | Noticed Zophe's ghost (legendary DrCj)
 84277 | Zot:3    | Noticed Mitut's ghost (master PaFi)
 84277 | Zot:3    | Noticed Glorfindel's ghost (veteran TrNe)
 84375 | Zot:3    | Reached XP level 26. HP: 260/260 MP: 20/22
 87623 | Zot:5    | Entered Level 5 of the Realm of Zot
 88792 | Zot:5    | Noticed a dread lich
 88817 | Zot:5    | Noticed a dread lich
 88819 | Zot:5    | Killed a dread lich
 88823 | Zot:5    | Paralysed by a dread lich for 6 turns
 88838 | Zot:5    | Killed a dread lich
 88865 | Zot:5    | Noticed an ancient lich
 88894 | Zot:5    | Killed an ancient lich
 88995 | Zot:5    | Noticed an orb of fire
 89004 | Zot:5    | Killed an orb of fire
 89196 | Zot:5    | Noticed a dread lich
 89213 | Zot:5    | Killed a dread lich
 89214 | Zot:5    | Reached XP level 27. HP: 271/271 MP: 17/22
 89297 | Zot:5    | Identified the +6 scale mail of Soft Rains {Contam rPois
                  | rC+++ Str-4}
 89701 | Zot:5    | Noticed an orb of fire
 89745 | Zot:5    | Killed an orb of fire
 89754 | Zot:5    | Noticed a dread lich
 89762 | Zot:5    | Killed a dread lich
 89768 | Zot:5    | Noticed a dread lich
 89792 | Zot:5    | Killed a dread lich
 89860 | Zot:5    | Reached skill level 27 in Fighting
 90364 | Zot:5    | Got the Orb of Zot
 90566 | Depths:2 | Noticed a seraph
 90791 | D:10     | Noticed Vuuts the pandemonium lord
 91654 | D:1      | Noticed Edyem the pandemonium lord
 91670 | D:1      | Killed Edyem the pandemonium lord
 91687 | D:$      | Escaped with the Orb!

Illustrated notes

Levels and vault maps discovered:
D:1:      mrwooster_arrival_arrow, layout_basic, st_stairs_4,
          chequers_serial_rivers_room_a, minmay_misc_feat_tower
D:2:      layout_basic, basic_altar, kennysheep_crisscross
D:3:      layout_basic, lemuel_coloured_pillars_altar
D:4:      layout_gridville, mainiacjoe_overflow_tiny_flanked,
          mainiacjoe_overflow_six_doors_small, kennysheep_generic_room_14,
          uniq_grinder, uniq_edmund
D:5:      layout_cave_pods, old_standard_altar,
          minmay_temple_entry_drinking_statues, portal_sewer_entry_a,
          nicolae_shop_firing_range
D:6:      layout_loops_corners, mainiacjoe_overflow_boulevard,
          mainiacjoe_overflow_cross_hatched
D:7:      minmay_chambers_of_sevens, layout_gridville, amcnicky_altar_gilded
D:8:      layout_gridville, kennysheep_mini_moat,
          nicolae_ru_the_path_less_chosen, uniq_maurice
D:9:      layout_rooms, due_lair_maze_entry_diamond, uniq_erica
D:10:     hangedman_screamer, layout_stronghold, minmay_misc_feat_cross,
          hellmonk_bongcloud_opening, minmay_misc_feat_square
D:11:     layout_irregular_city, muffindrake_ghost_dual_entry
D:12:     layout_rooms, orc_0_dummy, minmay_bent
D:13:     layout_loops_cross, david_vaults_5, serial_shops, shop
D:14:     hangedman_arrow_trap, layout_basic, chequers_jeans,
          gammafunk_ghost_smash, fedhas_altar_1, uniq_azrael, uniq_nessos,
          uniq_jorgrun
D:15:     gammafunk_enter_depths_forms, layout_cave_pools, serial_shops,
          shop_statue, serial_column_ruins, column_ruins_hut,
          column_ruins_grid_1, column_ruins_open_tiny, column_ruins_open_small,
          column_ruins_open_small, column_ruins_grid_1, minmay_misc_feat_iff,
          gauntlet_entry_generic, minmay_evil_grid
Lair:1:   layout_loops_ring, uniq_sonja
Lair:2:   kb_forest_paths, layout_chaotic_city, palyth_hydra_swamp_entry,
          dummy_spider_entry, nzn_random_ring
Lair:3:   layout_small_grid, nicolae_volcano_entry_vermiform,
          forest_entry_grove, grunt_megastairs_5, infiniplex_staircase_pool,
          lemuel_fruit_tree, uniq_gastronok
Lair:4:   layout_cave_pods, grunt_megastairs_1
Lair:5:   layout_misc_corridors, slime_dummy
Lair:6:   minmay_lair_end_enchanted_forest, layout_cave_pods
Swamp:1:  layout_falls_marsh, evilmike_swamp_ruin_house_4, swamp_pool2,
          infiniplex_staircase_pool_2
Swamp:2:  layout_falls_marsh, ebering_ghost_disaster_area,
          nicolae_swamp_feature_on_the_river_bank
Swamp:3:  layout_basic_swamp, evilmike_swamp_ruin_house_3
Swamp:4:  swamp, layout_basic_swamp
Spider:1: layout_spider_delve
Spider:2: layout_spider_delve
Spider:3: layout_chambers, ebering_ghost_xom, hangedman_stitches_earthworm
Spider:4: grunt_spider_rune_island, uniq_arachne, uniq_asterion, uniq_roxanne
Orc:1:    layout_caves
Orc:2:    st_orc_congregation, layout_caves
Elf:1:    minmay_elf_arrival_plus, layout_geoelf_diagonals,
          portal_ice_cave_entry_dragon, serial_shops, nicolae_shop_crystal,
          hangedman_elven_crosses_minicolossus, nicolae_take_the_stairs,
          serial_sigils_hangedman_scratch
Elf:2:    nicolae_elf_blades_splatter_lattice [nicolae_blade_entry_pointy_end],
          layout_loops_ring, gammafunk_ghost_wrathful_warriors
Elf:3:    minmay_elf_hall_not_hex, layout_geoelf_octagon, special_room
          [special_room_mythical_zoo], minmay_fountain_box,
          roderic_roman_lattice, uniq_aizul
Vaults:1: v_misc_8, vaults_dpeg_doors, v_misc_11,
          nicolae_vaults_little_squares_1, nicolae_vaults_mini_display_case,
          v_misc_13, nicolae_vaults_sealed_display, layout_vaults_omnigrid,
          serial_shops, shop
Vaults:2: hellmonk_ghost_big_iron, nicolae_vaults_theta, vaults_room_corners,
          vaults_room_hallway, minmay_crypt_entry_necro_gods,
          hangedman_vaults_maws, grunt_vaults_funnel, vaults_room_fours,
          dpeg_vaults_monster_row, layout_vaults_chaotic_city, uniq_donald,
          uniq_margery
Vaults:3: ebering_ghost_gozag, hangedman_vaults_nails, v_misc_14,
          hangedman_vaults_nails, nicolae_vaults_three_branches,
          hangedman_vaults_nodes, v_pattern_5,
          hangedman_vaults_hard_town_square, nicolae_vaults_triangles,
          vaults_dpeg_cross, v_misc_19, layout_vaults_omnibox, serial_shops,
          nicolae_shop_bloodbath_and_beyond
Vaults:4: nicolae_vaults_big_ls, vaults_mumra_minichess,
          hangedman_vaults_capsules, special_room_vaults [special_room_orc],
          nicolae_vaults_network_s, hangedman_vaults_trim,
          ontoclasm_vaults_ligature, v_rooms_6, ontoclasm_vaults_tryst,
          vaults_room_door_ring, ontoclasm_vaults_loading_screen,
          layout_vaults_ring, serial_hangedman_research,
          hangedman_research_probablistics, hangedman_research_quantum,
          hangedman_research_thermodynamics, hangedman_research_thanatology,
          serial_shops, freezing_bzr
Vaults:5: serial_shops
Crypt:1:  layout_catacombs
Crypt:2:  layout_rooms, basic_altar, uniq_bai_suzhen
Crypt:3:  cryptofortress_bobbens
Depths:1: layout_cave_pools, nicolae_abyss_entry_one_way_or_another,
          hellmonk_ghost_happy_afterlife, hell_entry,
          grunt_pan_entry_in_and_out, minmay_misc_feat_roman, onia_ninara_cookie
Depths:2: minmay_the_grid_octo_2x2 [minmay_the_grid_octo_fan_narrow,
          minmay_the_grid_octo_vomiting_pacman, minmay_the_grid_octo_focus,
          minmay_the_grid_octo_prize_big_c], layout_cave_pools,
          wad_floor_pattern_1, rand_demon_pan_entry_7, hell_entry, hex_medium,
          nicolae_gozag_conspicuous_consumption
Depths:3: nicolae_terramorphic_expanse [nicolae_terramorphic_quarter,
          nicolae_terramorphic_quarter, nicolae_terramorphic_quarter,
          nicolae_terramorphic_quarter, nicolae_terramorphic_quarter,
          nicolae_terramorphic_biome, nicolae_terramorphic_biome,
          nicolae_terramorphic_biome, nicolae_terramorphic_biome],
          layout_gridlike, enter_ziggurat_b, serial_bayou_ford_a,
          abyss_entry_small_statue_room, serial_shops,
          nicolae_shop_window_shopping, serial_sigils,
          serial_sigils_hangedman_confine, serial_sigils_hangedman_clutch,
          serial_sigils_hangedman_snap, grunt_metal_band,
          nemelex_lonely_heart_becter
Depths:4: grunt_zot_entry_alcove, layout_gridlike, hell_entry, abyss_entry
Zot:1:    layout_onion
Zot:2:    evilmike_crystal_ball_defense, layout_misc_corridors, lemuel_elevator
Zot:3:    layout_gridlike, gammafunk_ghost_cemetery
Zot:4:    layout_gridlike, st_stairs_7, hangedman_zot_decor_unnerving_road
Zot:5:    layout_gridlike

Skill      XL: |  1  2  3  4  5  6  7  8  9 10 11 12 13 14 15 16 17 18 19 20 21 22 23 24 25 26 27 |
---------------+----------------------------------------------------------------------------------+-----
Fighting       | 4 5 6 7 8 9 11 12 14 15 16 17 18 19 20 21 22 23 25 26 27 | 27.0
Stealth        | 2 |  2.4
Unarmed Combat | 4 5 6 7 8 10 12 13 15 17 18 19 21 22 23 24 25 26 27 | 27.0
Dodging        | 4 5 7 8 10 12 14 | 14.3
Armour         | 2 3 4 6 7 8 10 11 12 14 15 17 18 19 20 21 22 23 24 25 26 | 26.0
Shields        | 2 5 6 7 8 10 12 13 16 19 21 | 21.7
Throwing       | 2 5 6 8 10 11 12 13 14 15 16 | 16.0
Evocations     | 4 8 9 10 11 13 15 16 17 18 | 18.6

Action                   |  1- 3 |  4- 6 |  7- 9 | 10-12 | 13-15 | 16-18 | 19-21 | 22-24 | 25-27 || total
-------------------------+-------+-------+-------+-------+-------+-------+-------+-------+-------++-------
Melee: Unarmed           |    74 |    91 |   310 |   538 |  1176 |  1761 |  1768 |  2011 |  1758 ||  9487
       Headbutt          |    17 |    14 |    54 |   144 |   297 |   427 |   514 |   564 |   607 ||  2638
       Punch             |     2 |     8 |    11 |       |       |       |       |       |       ||    21
Throw: Stone             |     2 |       |     3 |       |       |       |       |       |       ||     5
       Dart              |       |     9 |    17 |     1 |       |       |       |       |       ||    27
       Throwing net      |       |       |     2 |       |       |       |       |       |       ||     2
       Boomerang         |       |       |       |     4 |     1 |    25 |       |       |       ||    30
       Javelin           |       |       |       |       |       |       |       |    18 |     9 ||    27
Invok: Whirlwind         |       |       |    22 |    61 |   118 |   191 |   252 |   225 |   158 ||  1027
       Lunge             |       |       |    23 |     9 |     5 |    98 |   115 |     2 |     3 ||   255
       Serpent's Lash    |       |       |     2 |    14 |     7 |    16 |    17 |    10 |     7 ||    73
       Heavenly Storm    |       |       |       |       |     2 |     2 |     4 |     5 |     4 ||    17
Evoke: Wand              |       |     6 |     2 |     4 |     4 |     3 |     4 |     2 |     9 ||    34
       Box of beasts     |       |       |       |       |     1 |     1 |       |       |       ||     2
       Phial of floods   |       |       |       |       |       |       |     1 |     2 |     1 ||     4
       Phantom mirror    |       |       |       |       |       |       |     1 |       |       ||     1
       Condenser vane    |       |       |       |       |       |       |       |     2 |       ||     2
       Tin of tremorston |       |       |       |       |       |       |       |     1 |       ||     1
  Use: Scroll            |       |       |     3 |     5 |    21 |    11 |     6 |     9 |    14 ||    69
       Potion            |       |       |       |     2 |     5 |     4 |     4 |    18 |     6 ||    39
 Stab: Sleeping          |     5 |     8 |     3 |       |     1 |       |       |       |       ||    17
       Held in net/web   |       |       |     2 |       |       |       |       |       |       ||     2
       Paralysed         |       |       |       |     3 |     2 |       |     1 |       |       ||     6
       Distracted        |       |       |       |       |     2 |     1 |       |       |       ||     3
       Confused          |       |       |       |       |       |     2 |       |       |       ||     2
Armor: Robe              |     8 |     1 |       |       |       |       |       |       |       ||     9
       Leather armour    |       |     7 |    28 |       |       |       |       |       |       ||    35
       Skin              |       |     2 |       |       |     2 |       |       |       |       ||     4
       Scale mail        |       |       |    36 |   191 |   383 |    46 |       |       |       ||   656
       Ring mail         |       |       |     3 |       |       |       |       |       |       ||     3
       Plate armour      |       |       |       |     4 |    21 |   819 |   223 |       |       ||  1067
       Gold dragon scale |       |       |       |       |       |       |   239 |   585 |   647 ||  1471
Dodge: Dodged            |    34 |    59 |   217 |   265 |   421 |   432 |   324 |   311 |   334 ||  2397
Block: Buckler           |       |       |     5 |   125 |   278 |    25 |       |       |       ||   433
       Kite shield       |       |       |       |       |       |   873 |   776 |  1236 |  1116 ||  4001
       Reflection        |       |       |       |       |       |       |    14 |    61 |    12 ||    87

Table legend: (Time is in decaauts)
 A = Elapsed time spent in this place.
 B = Non-inter-level travel time spent in this place.
 C = Inter-level travel time spent in this place.
 D = Time resting spent in this place.
 E = Time spent auto-exploring this place.
 F = Levels seen in this place.
 G = Mean time per level.
                   A        B        C        D        E       F      G
               +--------+--------+--------+--------+--------+-----+--------+
         Total |  89543 |  79888 |   9655 |  19299 |  43791 |  56 | 1599.0 |
       Dungeon |  22329 |  18899 |   3430 |   3860 |  11062 |  15 | 1488.6 |
          Lair |   7391 |   6272 |   1119 |    945 |   4056 |   6 | 1231.8 |
         Swamp |   4502 |   4144 |    358 |    929 |   2213 |   4 | 1125.5 |
   Spider Nest |   6191 |   5601 |    590 |   1519 |   2722 |   4 | 1547.8 |
  Orcish Mines |   1620 |   1423 |    197 |    108 |    832 |   2 |  810.0 |
   Elven Halls |   5896 |   5525 |    371 |   1517 |   2968 |   3 | 1965.3 |
        Vaults |  17377 |  14833 |   2544 |   4386 |   7879 |   5 | 3475.4 |
         Crypt |   4590 |   4383 |    207 |    737 |   2884 |   3 | 1530.0 |
        Depths |   7818 |   7236 |    582 |   2023 |   3651 |   4 | 1954.5 |
           Zot |   8943 |   8689 |    254 |   3148 |   3878 |   5 | 1788.6 |
        Bazaar |    295 |    295 |      0 |      0 |      0 |   1 |  295.0 |
         Sewer |    159 |    159 |      0 |      0 |     84 |   1 |  159.0 |
      Ice Cave |   1005 |   1005 |      0 |      0 |    828 |   1 | 1005.0 |
       Volcano |    529 |    529 |      0 |     56 |    207 |   1 |  529.0 |
      Gauntlet |    891 |    891 |      0 |     69 |    523 |   1 |  891.0 |
               +--------+--------+--------+--------+--------+-----+--------+

Top non-repeatable levels by time:
Vaults:4: 4835 daAuts
Vaults:2: 3907 daAuts
Vaults:1: 3609 daAuts
Vaults:3: 2855 daAuts
Depths:4: 2700 daAuts
   Zot:5: 2627 daAuts
   Elf:2: 2399 daAuts
     D:7: 2354 daAuts
 Crypt:3: 2325 daAuts
Vaults:5: 2169 daAuts
   Elf:3: 2166 daAuts
Spider:3: 2126 daAuts
   Zot:4: 2057 daAuts
    D:14: 2057 daAuts
Depths:3: 2045 daAuts
